 Dungeon Crawl Stone Soup version 0.31-a0-237-g2d982f9f85 (webtiles) character file.

Game seed: 339328559183341042

63 qw the Shooter (level 4, -2/26 HPs)
             Began as a Gargoyle Hexslinger on July 10, 2023.
             Slain by a hobgoblin (4 damage)
             ... on level 3 of the Dungeon.
             The game lasted 00:00:44 (1543 turns).

qw the Shooter (Gargoyle Hexslinger)                Turns: 1543, Time: 00:00:44

Health: -2/26      AC:  7    Str: 12    XL:     4   Next: 9%
Magic:  5/5        EV: 16    Int: 13    God:
Gold:   84         SH:  0    Dex: 14    Spells: 4/5 levels left

rFire   . . .        Y - +1 sling
rCold   . . .        (no shield)
rNeg    + . .        e - +0 leather armour
rPois   inf          (no helmet)
rElec   +            (no cloak)
rCorr   .            k - +0 pair of gloves
SInv    .            (no boots)
Will    .....        (no amulet)
Stlth   +            c - +5 ring of evasion
HPRegen 0.24/turn    (no ring)
MPRegen 0.09/turn

%: no passive effects
@: about to teleport
A: sickness immunity, AC +3, negative energy resistance 1, electricity
resistance, torment resistance 1, petrification resistance
a: no special abilities


You were on level 3 of the Dungeon.
You visited 1 branch of the dungeon, and saw 3 of its levels.

You collected 84 gold pieces.


Innate Abilities, Weirdness & Mutations

You are immune to sickness and miasma.
Your stone body is resilient. (AC +3)
You are immune to poison.
You resist negative energy. (rN+)
You are resistant to electric shocks. (rElec)
You are resistant to unholy torment.
You are immune to petrification.


   Skills:
 - Level 2.0 Fighting
 + Level 3.9 Ranged Weapons
 - Level 1.5 Dodging
 - Level 1.0 Spellcasting
 - Level 2.6 Hexes


You had 4 spell levels left.
You knew the following spells:

 Your Spells              Type           Power      Damage    Failure   Level
a - Slow                  Hex            28%        N/A       12%         1

Your spell library contained the following spells:

 Spells                   Type           Power      Damage    Failure   Level
 Inner Flame              Hex/Fire       4%         N/A       52%         3
 Portal Projectile        Hex/Tloc       8%         N/A       52%         3
 Cause Fear               Hex            3%         N/A       75%         4

Inventory:

Hand Weapons
 Y - a +1 sling (weapon)
Armour
 e - a +0 leather armour (worn)
 k - a +0 pair of gloves (worn)
Jewellery
 c - a +5 ring of evasion (left hand)
Scrolls
 a - a scroll of identify
Potions
 g - 3 potions of curing

Dungeon Overview and Level Annotations

Branches:
Dungeon (3/15)

Altars:

Shops:
D:2 (

Annotations:
D:3 Ijyb


Message History

The grasping roots constrict you!
A hobgoblin comes into view.
The grasping roots constrict you.
You shoot a sling bullet. The sling bullet closely misses Ijyb.
Ijyb hits you but does no damage. The grasping roots constrict you.
The grasping roots release their grip on you.
You shoot a sling bullet. The sling bullet hits Ijyb!
Ijyb is moderately wounded.
Ijyb barely misses you.
You shoot a sling bullet. The sling bullet closely misses Ijyb.
Ijyb screams, "You nasty!
Big nasty!"
Ijyb closely misses you.
You shoot a sling bullet. The sling bullet hits Ijyb.
Ijyb is heavily wounded.
Ijyb misses you. Ijyb hits you with a +0 club.
You shoot a sling bullet.
The sling bullet hits Ijyb but does no damage.
Ijyb is heavily wounded.
You hear a shout!
Ijyb hits you but does no damage. The hobgoblin closely misses you.
You shoot a sling bullet. The sling bullet closely misses Ijyb.
Ijyb hits you but does no damage. The hobgoblin misses you.
You shoot a sling bullet.
The sling bullet hits Ijyb but does no damage.
Ijyb is heavily wounded.
Ijyb zaps a wand.
The roots erupt in riotous growth!
The grasping roots grab you!
The hobgoblin is unaffected.
Ijyb is unaffected.
The grasping roots constrict you. The hobgoblin closely misses you.
1542 ||| READING scroll of teleportation.
As you read the scroll of teleportation, it crumbles to dust.
You feel strangely unstable. Ijyb closely misses you.
The grasping roots constrict you.
A hobgoblin comes into view.
The hobgoblin closely misses you.
The grasping roots release their grip on you.
You shoot a sling bullet. The sling bullet closely misses Ijyb.
Ijyb completely misses you. The hobgoblin closely misses you.
Ijyb hits you but does no damage. The hobgoblin hits you.
You die...

#.##.....# #.
#.##.....#### #.
#.............
####.#####.............
......................
###...................
...................#
#gg...........#
#@.##.#.......#
#g#####...)...# #..
#.......# ...#
#.......# ....#
#.......# #
.....####.......# #
.................# #
................### #
###.####.# #


You could see Ijyb and 2 hobgoblins.

Vanquished Creatures
  2 dart slugs (D:1)
  9 endoplasms
  2 giant cockroaches (D:1)
  2 goblins (D:1)
  4 hobgoblins
  6 jackals
  7 ball pythons
  9 bats
  3 frilled lizards (D:1)
  5 kobolds
  3 rats
  A spectral goblin (D:1)
53 creatures vanquished.

Notes
Turn   | Place    | Note
-------+----------+-------------------------------------------
     0 | D:1      | qw the Gargoyle Hexslinger began the quest for the Orb.
     0 | D:1      | Reached XP level 1. HP: 12/12 MP: 2/2
     0 | D:1      | 0 ||| qw: Version: 0.3-a-52-g30416fa
     0 | D:1      | 0 ||| qw: Game counter: 5044
     0 | D:1      | 0 ||| qw: Melee chars always use a shield: true
     0 | D:1      | 0 ||| qw: God list: Okawaru
     0 | D:1      | 0 ||| qw: Allow faded altars: false
     0 | D:1      | 0 ||| qw: Do Orc after clearing Dungeon:15 true
     0 | D:1      | 0 ||| qw: Do second Lair branch before Depths: true
     0 | D:1      | 0 ||| qw: Lair rune preference: random
     0 | D:1      | 0 ||| qw: Goals: Normal
     0 | D:1      | 0 ||| PLANNING D:1-11
   122 | D:1      | Reached XP level 2. HP: 16/16 MP: 3/3
   136 | D:1      | 136 ||| FLEEEEING.
   145 | D:1      | 145 ||| FLEEEEING.
   147 | D:1      | 147 ||| FLEEEEING.
   148 | D:1      | 148 ||| FLEEEEING.
   149 | D:1      | 149 ||| FLEEEEING.
   150 | D:1      | 150 ||| FLEEEEING.
   151 | D:1      | 151 ||| FLEEEEING.
   152 | D:1      | 152 ||| FLEEEEING.
   153 | D:1      | 153 ||| FLEEEEING.
   154 | D:1      | 154 ||| FLEEEEING.
   157 | D:1      | Reached skill level 3 in Ranged Weapons
   182 | D:1      | 182 ||| Stepping ~*~*~tactically~*~*~ (water).
   182 | D:1      | Found a faded altar of an unknown god.
   352 | D:1      | Reached XP level 3. HP: 21/21 MP: 4/4
   747 | D:1      | 747 ||| UPGRADING to +0 leather armour.
   757 | D:1      | 757 ||| DROPPING +0 robe.
   758 | D:1      | 758 ||| UPGRADING to +0 pair of gloves.
   763 | D:1      | 763 ||| READING 2 scrolls labelled DIETEPT YFIFUN.
   764 | D:1      | 764 ||| READING scroll labelled NOHIRA AFAOGOI.
   765 | D:1      | 765 ||| READING scroll labelled JIETIL NAIMONE.
   766 | D:1      | 766 ||| READING scroll labelled XUIVEKLIKOB.
   767 | D:1      | 767 ||| READING scroll labelled WOERAM KUURO.
   768 | D:1      | 768 ||| DRINKING 4 silvery potions.
   769 | D:1      | 769 ||| DROPPING scroll of poison.
   835 | D:2      | Found Pudwi's Antique Weapon Emporium.
  1392 | D:2      | 1392 ||| UPGRADING to +5 ring of evasion.
  1393 | D:2      | 1393 ||| READING scroll labelled XURAOT GOIPRO.
  1409 | D:2      | 1409 ||| READING 2 scrolls labelled CONOOMOETU.
  1412 | D:2      | 1412 ||| READING scroll labelled YNARU HURASMOC.
  1450 | D:3      | 1450 ||| STAIRDANCE
  1469 | D:3      | Reached XP level 4. HP: 26/26 MP: 5/5
  1531 | D:3      | Noticed Ijyb
  1541 | D:3      | HP: 6/26 [constriction (6)]
  1542 | D:3      | 1542 ||| READING scroll of teleportation.
  1542 | D:3      | HP: 2/26 [constriction (4)]
  1543 | D:3      | Slain by a hobgoblin

Levels and vault maps discovered:
D:1:      dpeg_arrival_round_b, layout_loops_ring,
          dreamdust_ecumenical_altar_drowned_temple, grunt_decor_clamped,
          minmay_hexomino_c4
D:2:      layout_loops_cross, serial_shops, shop, chequers_arboretum
D:3:      minmay_roachtagon, layout_basic, mainiacjoe_overflow_catwalk,
          uniq_grinder, uniq_ijyb

Skill      XL: |  1  2 |
---------------+-------+-----
Ranged Weapons | 3 |  3.9
Fighting       | 2 |  2.0
Dodging        | |  1.5
Spellcasting   | |  1.0
Hexes          | |  2.6

Action                     |  1- 3 |  4- 6 || total
---------------------------+-------+-------++-------
   Fire: Sling             |   134 |    25 ||   159
    Use: Scroll            |     8 |     1 ||     9
         Potion            |     1 |       ||     1
 Armour: Robe              |     9 |       ||     9
         Leather armour    |    20 |     5 ||    25
  Dodge: Dodged            |    74 |    13 ||    87

Table legend:
 A = Non-vault XP
 B = Vault XP
 C = Vault XP percentage of total XP
 D = Non-vault monster count
 E = Vault monster count
 F = Vault count percentage of total count
                 A         B        C        D         E       F
            +---------+---------+-------+---------+---------+-------
      Total |      77 |      13 |  14.4 |      46 |       7 |  13.2
            +---------+---------+-------+---------+---------+-------
        D:1 |      39 |      13 |  25.0 |      23 |       7 |  23.3
        D:2 |      26 |       0 |   0.0 |      16 |       0 |   0.0
        D:3 |      12 |       0 |   0.0 |       7 |       0 |   0.0
            +---------+---------+-------+---------+---------+-------
